[Event "Live Chess"]
[Site "Chess.com"]
[Date "2010.12.06"]
[Round "-"]
[White "matijasec"]
[Black "hipposcottimus"]
[Result "0-1"]
[CurrentPosition "2r1r2k/pp2K2p/2p5/4P3/2p5/7P/8/6R1 w - -"]
[Timezone "UTC"]
[ECO "C55"]
[ECOUrl "https://www.chess.com/openings/Italian-Game-Two-Knights-Defense-4.O-O"]
[UTCDate "2010.12.06"]
[UTCTime "21:31:22"]
[WhiteElo "1361"]
[BlackElo "1583"]
[TimeControl "60"]
[Termination "hipposcottimus won on time"]
[StartTime "21:31:22"]
[EndDate "2010.12.06"]
[EndTime "21:33:34"]
[Link "https://www.chess.com/game/live/74718448"]

1. e4 e5 2. Nf3 Nc6 3. Bc4 Nf6 4. O-O d5 5. d3 dxc4 6. Nc3 Be7 7. d4 Bb4 8. dxe5 Bxc3 9. Qxd8+ Nxd8 10. bxc3 Nxe4 11. Bf4 Nxc3 12. Rfe1 Bg4 13. h3 Bxf3 14. gxf3 O-O 15. Kh2 c6 16. Rg1 Ne6 17. Bh6 Rad8 18. f4 Kh8 19. Bxg7+ Nxg7 20. Rg2 Ne2 21. f3 Nxf4 22. Rxg7 Kxg7 23. Rg1+ Kh8 24. Kg3 Rd2 25. Kxf4 Rxc2 26. Kf5 Rxa2 27. Kf6 Ra3 28. Ke7 Rc8 29. Kxf7 Rxf3+ 30. Ke6 Rff8 31. Ke7 Rfe8+ 32. Kf7 Rf8+ 33. Ke7 Rfe8+ 0-1

[Event "Live Chess"]
[Site "Chess.com"]
[Date "2010.12.06"]
[Round "-"]
[White "GrobSpikeAttack"]
[Black "hipposcottimus"]
[Result "0-1"]
[CurrentPosition "2bR2r1/4np1k/p6p/8/2B5/1P2P2P/P4PP1/3R2K1 w - -"]
[Timezone "UTC"]
[ECO "A10"]
[ECOUrl "https://www.chess.com/openings/English-Opening-Jaenisch-Gambit"]
[UTCDate "2010.12.06"]
[UTCTime "21:28:49"]
[WhiteElo "1390"]
[BlackElo "1579"]
[TimeControl "60"]
[Termination "hipposcottimus won on time"]
[StartTime "21:28:49"]
[EndDate "2010.12.06"]
[EndTime "21:30:46"]
[Link "https://www.chess.com/game/live/74717705"]

1. c4 b5 2. c5 d6 3. cxd6 Qxd6 4. d4 e5 5. d5 Nf6 6. Nc3 c6 7. dxc6 Nxc6 8. Bg5 Qxd1+ 9. Rxd1 Be7 10. Nf3 O-O 11. e3 Ng4 12. Bxb5 Bxg5 13. Nxg5 Bb7 14. O-O Ne7 15. h3 Nf6 16. Bc4 Ng6 17. b3 a6 18. Bd3 e4 19. Bc2 h6 20. Ngxe4 Rae8 21. Nxf6+ gxf6 22. Bd3 Kg7 23. Rd2 Bc8 24. Rfd1 Kh7 25. Ne4 Ne7 26. Nxf6+ Kg7 27. Nxe8+ Rxe8 28. Bc4 Rg8 29. Rd8 Kh7 0-1

[Event "Live Chess"]
[Site "Chess.com"]
[Date "2010.12.06"]
[Round "-"]
[White "hipposcottimus"]
[Black "GrobSpikeAttack"]
[Result "1-0"]
[CurrentPosition "8/3p1p1p/p2Npkr1/2P5/6r1/8/5PPP/3RR1K1 b - -"]
[Timezone "UTC"]
[ECO "B20"]
[ECOUrl "https://www.chess.com/openings/Sicilian-Defense"]
[UTCDate "2010.12.06"]
[UTCTime "21:26:32"]
[WhiteElo "1579"]
[BlackElo "1390"]
[TimeControl "60"]
[Termination "hipposcottimus won on time"]
[StartTime "21:26:32"]
[EndDate "2010.12.06"]
[EndTime "21:28:25"]
[Link "https://www.chess.com/game/live/74717093"]

1. e4 c5 2. Bb5 a6 3. Be2 Nc6 4. Nf3 e6 5. c4 Bd6 6. d3 b6 7. Nc3 Bb7 8. Be3 Ne5 9. d4 Nxf3+ 10. Bxf3 Nf6 11. e5 Bxf3 12. Qxf3 Bc7 13. exf6 Qxf6 14. Qxf6 gxf6 15. dxc5 bxc5 16. Bxc5 Rb8 17. Bd4 Rxb2 18. Bxf6 Rg8 19. O-O Bb6 20. Ne4 Rg6 21. Rad1 Rxa2 22. c5 Ba5 23. Bc3 Bxc3 24. Nxc3 Ra5 25. Ne4 Ra4 26. Nd6+ Ke7 27. Rfe1 Rag4 28. Nf5+ Kf6 29. Nd6 1-0

[Event "Live Chess"]
[Site "Chess.com"]
[Date "2010.12.06"]
[Round "-"]
[White "GrobSpikeAttack"]
[Black "hipposcottimus"]
[Result "0-1"]
[CurrentPosition "8/p5Np/bp2p1k1/4P3/4p3/8/PPP3PP/1K1q4 w - -"]
[Timezone "UTC"]
[ECO "D02"]
[ECOUrl "https://www.chess.com/openings/Queens-Pawn-Opening-Zukertort-Variation-2...c6-3.e3"]
[UTCDate "2010.12.06"]
[UTCTime "21:24:24"]
[WhiteElo "1390"]
[BlackElo "1579"]
[TimeControl "60"]
[Termination "hipposcottimus won by checkmate"]
[StartTime "21:24:24"]
[EndDate "2010.12.06"]
[EndTime "21:26:09"]
[Link "https://www.chess.com/game/live/74716584"]

1. d4 d5 2. Nf3 c6 3. e3 Nd7 4. Bd3 e6 5. e4 Ngf6 6. e5 Ne4 7. Bxe4 dxe4 8. Ng5 Be7 9. Nxe4 O-O 10. Bg5 f6 11. Bh4 f5 12. Bxe7 Qxe7 13. Nd6 c5 14. Na3 cxd4 15. Qxd4 b6 16. O-O-O Nc5 17. Nab5 Qg5+ 18. Kb1 Ne4 19. f4 Qxf4 20. Rhf1 Qg4 21. Nxe4 fxe4 22. Rxf8+ Kxf8 23. Qd8+ Kf7 24. Nd6+ Kg6 25. Rf1 Ba6 26. Ne8 Rxd8 27. Nxg7 Rd1+ 28. Rxd1 Qxd1# 0-1

[Event "Live Chess"]
[Site "Chess.com"]
[Date "2010.12.06"]
[Round "-"]
[White "tandar777"]
[Black "hipposcottimus"]
[Result "0-1"]
[CurrentPosition "2r2rk1/6pp/p4b2/8/1P2p3/1R2PbP1/P4PBP/2n3K1 w - -"]
[Timezone "UTC"]
[ECO "A00"]
[ECOUrl "https://www.chess.com/openings/Kings-Fianchetto-Opening-1...e5-2.Bg2-d5"]
[UTCDate "2010.12.06"]
[UTCTime "21:22:08"]
[WhiteElo "1535"]
[BlackElo "1579"]
[TimeControl "60"]
[Termination "hipposcottimus won on time"]
[StartTime "21:22:08"]
[EndDate "2010.12.06"]
[EndTime "21:24:07"]
[Link "https://www.chess.com/game/live/74715940"]

1. g3 e5 2. Bg2 d5 3. e3 c5 4. Ne2 e4 5. O-O f5 6. d3 Nf6 7. dxe4 fxe4 8. c3 Bg4 9. b3 Bf3 10. Bb2 Be7 11. Qd2 O-O 12. c4 Nc6 13. cxd5 Nxd5 14. Nec3 Ndb4 15. Qxd8 Raxd8 16. Na3 Nd3 17. Rab1 Ncb4 18. Na4 b5 19. Nc3 Bf6 20. Naxb5 a6 21. Na3 Nxb2 22. Rxb2 Bxc3 23. Rbb1 Bf6 24. Nc4 Nd3 25. Nb6 Rb8 26. Na4 Rbc8 27. Nxc5 Nxc5 28. b4 Nd3 29. Rb2 Nxb2 30. Rb1 Nd3 31. Rb3 Nc1 0-1

[Event "Live Chess"]
[Site "Chess.com"]
[Date "2010.12.06"]
[Round "-"]
[White "hipposcottimus"]
[Black "Dal-pal"]
[Result "1-0"]
[CurrentPosition "1kB5/pQ6/1p1p4/2pP4/8/8/P1Pq2PP/1R5K b - -"]
[Timezone "UTC"]
[ECO "C50"]
[ECOUrl "https://www.chess.com/openings/Italian-Game-3...d6-4.d4-exd4-5.Nxd4"]
[UTCDate "2010.12.06"]
[UTCTime "21:19:12"]
[WhiteElo "1572"]
[BlackElo "1332"]
[TimeControl "60"]
[Termination "hipposcottimus won by checkmate"]
[StartTime "21:19:12"]
[EndDate "2010.12.06"]
[EndTime "21:20:57"]
[Link "https://www.chess.com/game/live/74715169"]

1. e4 e5 2. Nf3 Nc6 3. Bc4 d6 4. d4 exd4 5. Nxd4 Nxd4 6. Qxd4 Be6 7. Bd3 Be7 8. Nc3 Nf6 9. O-O O-O 10. Bg5 c5 11. Qe3 Rc8 12. Bxf6 Bxf6 13. Nd5 Bxd5 14. exd5 Re8 15. Qf3 Bxb2 16. Rab1 Bc3 17. Qh3 Bd4 18. Qxh7+ Kf8 19. Qh8+ Ke7 20. Qxg7 Kd7 21. Bf5+ Re6 22. Qxf7+ Qe7 23. Bxe6+ Kd8 24. Qg8+ Kc7 25. Qg4 Rf8 26. Qh3 Bxf2+ 27. Rxf2 Rxf2 28. Kxf2 Qf6+ 29. Kg1 Qd4+ 30. Kh1 Qd2 31. Bc8 b6 32. Qd7+ Kb8 33. Qb7# 1-0

[Event "Live Chess"]
[Site "Chess.com"]
[Date "2010.12.06"]
[Round "-"]
[White "Dal-pal"]
[Black "hipposcottimus"]
[Result "1-0"]
[CurrentPosition "6Q1/5R2/8/2B3k1/1PP5/8/6PP/6K1 b - -"]
[Timezone "UTC"]
[ECO "C47"]
[ECOUrl "https://www.chess.com/openings/Four-Knights-Game-Italian-Variation"]
[UTCDate "2010.12.06"]
[UTCTime "21:17:12"]
[WhiteElo "1335"]
[BlackElo "1569"]
[TimeControl "60"]
[Termination "Dal-pal won by resignation"]
[StartTime "21:17:12"]
[EndDate "2010.12.06"]
[EndTime "21:19:05"]
[Link "https://www.chess.com/game/live/74714557"]

1. e4 e5 2. Nf3 Nc6 3. Bc4 Nf6 4. Nc3 d5 5. exd5 e4 6. Nxe4 Nxe4 7. dxc6 bxc6 8. O-O Be7 9. Re1 Bf5 10. d3 Nd6 11. Bg5 O-O 12. Bxe7 Qd7 13. Bxf8 Nxc4 14. dxc4 Qxd1 15. Rexd1 Bxc2 16. Rd2 Bg6 17. Bc5 Re8 18. Re1 Be4 19. Rde2 f5 20. Nh4 g6 21. f3 g5 22. fxe4 gxh4 23. exf5 Kf7 24. Rxe8 a6 25. R8e7+ Kf6 26. Rxc7 Kg5 27. Rxh7 Kxf5 28. Rxh4 Kg5 29. Rh6 Kxh6 30. Re6+ Kg5 31. Rxc6 Kf5 32. Rxa6 Ke5 33. Rd6 Ke4 34. b4 Ke5 35. a4 Ke4 36. a5 Ke5 37. a6 Ke4 38. a7 Ke5 39. a8=Q Kf5 40. Qe8 Kg5 41. Rd7 Kf4 42. Rf7+ Kg5 43. Qg8+ 1-0

[Event "Live Chess"]
[Site "Chess.com"]
[Date "2010.12.06"]
[Round "-"]
[White "hipposcottimus"]
[Black "Dal-pal"]
[Result "0-1"]
[CurrentPosition "r5k1/pp2qppp/3p4/8/8/8/PPP2PPP/4R1K1 b - -"]
[Timezone "UTC"]
[ECO "C50"]
[ECOUrl "https://www.chess.com/openings/Italian-Game-3...d6-4.d4-exd4-5.Nxd4"]
[UTCDate "2010.12.06"]
[UTCTime "21:16:20"]
[WhiteElo "1581"]
[BlackElo "1321"]
[TimeControl "60"]
[Termination "Dal-pal won by resignation"]
[StartTime "21:16:20"]
[EndDate "2010.12.06"]
[EndTime "21:17:01"]
[Link "https://www.chess.com/game/live/74714328"]

1. e4 e5 2. Nf3 Nc6 3. Bc4 d6 4. d4 exd4 5. Nxd4 Nxd4 6. Qxd4 Be6 7. Bd5 Bxd5 8. exd5 c6 9. O-O cxd5 10. Re1+ Be7 11. Qxd5 Nf6 12. Bg5 Nxd5 13. Bxe7 Nxe7 14. Nc3 O-O 15. Nd5 Re8 16. Nxe7+ Rxe7 17. Rxe7 Qxe7 18. Re1 0-1

[Event "Live Chess"]
[Site "Chess.com"]
[Date "2010.12.06"]
[Round "-"]
[White "Dal-pal"]
[Black "hipposcottimus"]
[Result "0-1"]
[CurrentPosition "8/8/R3p3/p4k2/5Bn1/2r2KP1/P7/8 w - -"]
[Timezone "UTC"]
[ECO "C47"]
[ECOUrl "https://www.chess.com/openings/Four-Knights-Game-Scotch-Variation-4...Bb4"]
[UTCDate "2010.12.06"]
[UTCTime "21:14:04"]
[WhiteElo "1307"]
[BlackElo "1593"]
[TimeControl "60"]
[Termination "hipposcottimus won on time"]
[StartTime "21:14:04"]
[EndDate "2010.12.06"]
[EndTime "21:16:11"]
[Link "https://www.chess.com/game/live/74713711"]

1. e4 e5 2. Nf3 Nc6 3. Nc3 Nf6 4. d4 Bb4 5. dxe5 Bxc3+ 6. bxc3 Nxe4 7. Bb5 Ne7 8. O-O c6 9. Bd3 d5 10. Bxe4 dxe4 11. Qxd8+ Kxd8 12. Rd1+ Kc7 13. Nd4 Be6 14. Nxe6+ fxe6 15. Bg5 Ng6 16. f4 Raf8 17. g3 h6 18. Bh4 Rh7 19. Rf1 Nh8 20. Be7 Rf7 21. Bd6+ Kd7 22. Rad1 Kc8 23. Rfe1 g5 24. fxg5 hxg5 25. Rxe4 Ng6 26. Rg4 Rf5 27. Rf1 Nxe5 28. Rxf5 Nxg4 29. Rxg5 Nxh2 30. Kg2 Kd7 31. Be5 Ke7 32. Rg8 Kf7 33. Rb8 b6 34. Ra8 a5 35. Rc8 Kg6 36. Rxc6 Kf5 37. Bf4 Ng4 38. Rxb6 Rh2+ 39. Kf3 Rxc2 40. Ra6 Rxc3+ 0-1

[Event "Live Chess"]
[Site "Chess.com"]
[Date "2010.12.06"]
[Round "-"]
[White "hipposcottimus"]
[Black "Dal-pal"]
[Result "1-0"]
[CurrentPosition "r7/pp5p/8/3Npb2/4k3/1BQ5/PP1P2PP/n1B1R1K1 b - -"]
[Timezone "UTC"]
[ECO "C57"]
[ECOUrl "https://www.chess.com/openings/Italian-Game-Fried-Liver-Attack-6...Kxf7-7.Qf3-Ke6-8.Nc3"]
[UTCDate "2010.12.06"]
[UTCTime "21:12:14"]
[WhiteElo "1590"]
[BlackElo "1310"]
[TimeControl "60"]
[Termination "hipposcottimus won by checkmate"]
[StartTime "21:12:14"]
[EndDate "2010.12.06"]
[EndTime "21:13:51"]
[Link "https://www.chess.com/game/live/74713186"]

1. e4 e5 2. Nf3 Nc6 3. Bc4 Nf6 4. Ng5 d5 5. exd5 Nxd5 6. Nxf7 Kxf7 7. Qf3+ Ke6 8. Nc3 Bc5 9. Ne4 Rf8 10. Nxc5+ Kd6 11. Ne4+ Ke6 12. Qg4+ Rf5 13. Qxg7 Qf6 14. Qxc7 Nd4 15. Nxf6 Rxf2 16. Kxf2 Nxc2 17. Nxd5 Nxa1 18. Qe7+ Kf5 19. Rf1 Ke4 20. Kg1 Kd4 21. Bb3 Bf5 22. Qb4+ Kd3 23. Qc3+ Ke4 24. Re1# 1-0

[Event "Live Chess"]
[Site "Chess.com"]
[Date "2010.12.06"]
[Round "-"]
[White "Dal-pal"]
[Black "hipposcottimus"]
[Result "1-0"]
[CurrentPosition "4Q2k/p5pp/8/2p1p3/4P3/2P1B1P1/P1P4P/6K1 b - -"]
[Timezone "UTC"]
[ECO "C47"]
[ECOUrl "https://www.chess.com/openings/Four-Knights-Game-Scotch-Variation-4...Bb4"]
[UTCDate "2010.12.06"]
[UTCTime "21:10:41"]
[WhiteElo "1313"]
[BlackElo "1587"]
[TimeControl "60"]
[Termination "Dal-pal won by checkmate"]
[StartTime "21:10:41"]
[EndDate "2010.12.06"]
[EndTime "21:12:06"]
[Link "https://www.chess.com/game/live/74712747"]

1. e4 e5 2. Nf3 Nc6 3. Nc3 Nf6 4. d4 Bb4 5. dxe5 Bxc3+ 6. bxc3 Nxe4 7. Bb5 O-O 8. Bg5 f6 9. Be3 Nxe5 10. Nxe5 fxe5 11. O-O c6 12. Bc4+ Kh8 13. f3 d5 14. fxe4 Rxf1+ 15. Qxf1 dxc4 16. Qxc4 b5 17. Qf7 Bd7 18. Rf1 c5 19. g3 Qg8 20. Qxd7 Re8 21. Qxb5 Rf8 22. Rxf8 Qxf8 23. Qc6 Qe8 24. Qxe8# 1-0

[Event "Live Chess"]
[Site "Chess.com"]
[Date "2010.12.06"]
[Round "-"]
[White "hipposcottimus"]
[Black "Sam_Burrows"]
[Result "1-0"]
[CurrentPosition "8/8/8/8/R1kr4/3n3P/6PK/8 b - -"]
[Timezone "UTC"]
[ECO "C41"]
[ECOUrl "https://www.chess.com/openings/Philidor-Defense-3.d4-Bg4"]
[UTCDate "2010.12.06"]
[UTCTime "21:08:17"]
[WhiteElo "1600"]
[BlackElo "1449"]
[TimeControl "60"]
[Termination "hipposcottimus won on time"]
[StartTime "21:08:17"]
[EndDate "2010.12.06"]
[EndTime "21:10:26"]
[Link "https://www.chess.com/game/live/74712061"]

1. e4 e5 2. Nf3 d6 3. d4 Bg4 4. d5 Bxf3 5. Qxf3 Nf6 6. c4 c6 7. Bd3 b5 8. O-O bxc4 9. Bxc4 cxd5 10. exd5 Na6 11. Nc3 Be7 12. Bg5 O-O 13. Ne4 Rc8 14. Bxf6 Bxf6 15. Nxf6+ Qxf6 16. Qxf6 gxf6 17. f4 Rxc4 18. fxe5 fxe5 19. b3 Rc2 20. Rf3 Rfc8 21. Rg3+ Kf8 22. Rf1 Rc1 23. Rf3 R8c2 24. Rxf7+ Ke8 25. Rf6 Rc3 26. Re6+ Kd7 27. Rh6 Kc7 28. Rxh7+ Kb6 29. Rh6 Kc5 30. Re6 Kxd5 31. Rf6 Rxf1+ 32. Rxf1 Rc2 33. Rd1+ Kc5 34. a3 Rb2 35. b4+ Kb5 36. Rxd6 Ra2 37. Rd5+ Kb6 38. Rxe5 Rxa3 39. Re6+ Kb5 40. h3 Nxb4 41. Kh2 Rd3 42. Re5+ Kc4 43. Re4+ Rd4 44. Re5 a5 45. Rxa5 Nd3 46. Ra4+ 1-0

[Event "Live Chess"]
[Site "Chess.com"]
[Date "2010.12.06"]
[Round "-"]
[White "hipposcottimus"]
[Black "SUPREM3"]
[Result "0-1"]
[CurrentPosition "5rk1/ppp3bp/4b1p1/8/2P3P1/1P5P/P7/4n1K1 w - -"]
[Timezone "UTC"]
[ECO "B06"]
[ECOUrl "https://www.chess.com/openings/Modern-Defense-with-1-e4-2.d4-Bg7"]
[UTCDate "2010.12.06"]
[UTCTime "21:06:31"]
[WhiteElo "1595"]
[BlackElo "1608"]
[TimeControl "60"]
[Termination "SUPREM3 won by resignation"]
[StartTime "21:06:31"]
[EndDate "2010.12.06"]
[EndTime "21:07:56"]
[Link "https://www.chess.com/game/live/74711534"]

1. e4 g6 2. d4 Bg7 3. e5 e6 4. c4 Ne7 5. Nc3 d6 6. f4 dxe5 7. fxe5 Nbc6 8. Nf3 f6 9. Be2 fxe5 10. dxe5 O-O 11. O-O Nf5 12. Bf4 Nfd4 13. Qe1 Rxf4 14. Nxd4 Rxf1+ 15. Qxf1 Nxd4 16. Bg4 Nc2 17. Rc1 Qd4+ 18. Kh1 Ne3 19. Ne2 Nxf1 20. Nxd4 Ne3 21. Re1 Nxg4 22. h3 Nxe5 23. g4 Nd3 24. b3 Nxe1 25. Nxe6 Bxe6 26. Kg1 Rf8 0-1

[Event "Live Chess"]
[Site "Chess.com"]
[Date "2010.12.06"]
[Round "-"]
[White "hipposcottimus"]
[Black "filyok"]
[Result "0-1"]
[CurrentPosition "r5k1/p5p1/2p5/8/3bq3/8/PP4RP/7K b - -"]
[Timezone "UTC"]
[ECO "C40"]
[ECOUrl "https://www.chess.com/openings/Kings-Pawn-Opening-Kings-Knight-Busch-Gass-Gambit"]
[UTCDate "2010.12.06"]
[UTCTime "20:24:12"]
[WhiteElo "1603"]
[BlackElo "1906"]
[TimeControl "60"]
[Termination "filyok won by resignation"]
[StartTime "20:24:12"]
[EndDate "2010.12.06"]
[EndTime "20:26:09"]
[Link "https://www.chess.com/game/live/74699607"]

1. e4 e5 2. Nf3 Bc5 3. Bc4 Nf6 4. Nxe5 O-O 5. Nxf7 Qe7 6. Nh6+ Kh8 7. Nf7+ Rxf7 8. Bxf7 Qxf7 9. O-O Nxe4 10. d4 Bb6 11. f3 Nd6 12. c3 c5 13. Bg5 cxd4 14. cxd4 Nf5 15. Kh1 h6 16. g4 hxg5 17. gxf5 Qxf5 18. Nc3 Bxd4 19. Rg1 d5 20. Rg3 Nc6 21. Qf1 Ne5 22. Rh3+ Kg8 23. Rg3 Qf4 24. Qg2 Bd7 25. Rxg5 Nxf3 26. Nxd5 Qxg5 27. Ne7+ Qxe7 28. Qxf3 Bc6 29. Qxc6 bxc6 30. Rg1 Qe4+ 31. Rg2 0-1

[Event "Live Chess"]
[Site "Chess.com"]
[Date "2010.12.06"]
[Round "-"]
[White "filyok"]
[Black "hipposcottimus"]
[Result "1-0"]
[CurrentPosition "7Q/8/7k/5Pp1/3B2P1/1P1P2K1/7P/8 b - -"]
[Timezone "UTC"]
[ECO "C42"]
[ECOUrl "https://www.chess.com/openings/Petrovs-Defense-Urusov-Gambit"]
[UTCDate "2010.12.06"]
[UTCTime "20:21:56"]
[WhiteElo "1904"]
[BlackElo "1605"]
[TimeControl "60"]
[Termination "filyok won by checkmate"]
[StartTime "20:21:56"]
[EndDate "2010.12.06"]
[EndTime "20:23:53"]
[Link "https://www.chess.com/game/live/74698894"]

1. e4 e5 2. Bc4 Nf6 3. Nf3 Nc6 4. Ng5 d5 5. exd5 Na5 6. Bb3 Nxb3 7. axb3 Nxd5 8. d3 Be7 9. Nf3 f6 10. Nc3 O-O 11. Nxd5 Qxd5 12. Be3 Bg4 13. O-O Bxf3 14. Qxf3 Qxf3 15. gxf3 f5 16. Kh1 f4 17. Bd2 Bd6 18. Rg1 Rf6 19. c4 Raf8 20. Bc3 R8f7 21. Rg5 Re7 22. Rag1 Ree6 23. b4 Rg6 24. Rxg6 hxg6 25. c5 Be7 26. Re1 b6 27. cxb6 axb6 28. Rxe5 Rxe5 29. Bxe5 Kf7 30. Bxc7 Bf6 31. b3 Bd4 32. Kg2 Bc3 33. b5 Bd4 34. Bxf4 Kf6 35. Be3 Kf5 36. Bxd4 Kg5 37. Bxb6 Kh6 38. Bd4 g5 39. b6 g6 40. b7 g4 41. fxg4 Kg5 42. Kg3 Kh6 43. f4 g5 44. f5 Kh7 45. b8=Q Kh6 46. Qh8# 1-0

[Event "Live Chess"]
[Site "Chess.com"]
[Date "2010.12.06"]
[Round "-"]
[White "hipposcottimus"]
[Black "filyok"]
[Result "1-0"]
[CurrentPosition "8/6p1/5p1p/8/5k2/2B2R2/4KP1r/8 b - -"]
[Timezone "UTC"]
[ECO "C41"]
[ECOUrl "https://www.chess.com/openings/Philidor-Defense-3.d4-Bg4-4.dxe5"]
[UTCDate "2010.12.06"]
[UTCTime "20:19:06"]
[WhiteElo "1608"]
[BlackElo "1901"]
[TimeControl "60"]
[Termination "hipposcottimus won on time"]
[StartTime "20:19:06"]
[EndDate "2010.12.06"]
[EndTime "20:21:21"]
[Link "https://www.chess.com/game/live/74698165"]

1. e4 e5 2. Nf3 d6 3. d4 Bg4 4. dxe5 Nc6 5. Bb5 dxe5 6. Bxc6+ bxc6 7. Qxd8+ Rxd8 8. Nxe5 Bh5 9. O-O f6 10. Nxc6 Rd6 11. Nxa7 Be7 12. Nb5 Rb6 13. Nxc7+ Kd7 14. Nd5 Rb4 15. c3 Rxe4 16. Nd2 Re2 17. Nxe7 Nxe7 18. Rd1 Re6 19. Nf3+ Ke8 20. Rd3 Kf7 21. Be3 Rb8 22. Bc5 Rxb2 23. Rad1 Rxa2 24. Rd7 Ree2 25. Bxe7 Kg6 26. Bc5 Bxf3 27. gxf3 Rac2 28. Be3 Rxc3 29. R7d2 Rxd2 30. Rxd2 Rc5 31. Kg2 Rf5 32. Kf1 h6 33. Ke2 Rh5 34. f4 Rxh2 35. Bd4 Kf5 36. Bc3 Kxf4 37. Rd5 Ke4 38. Rd4+ Ke5 39. Rd3+ Ke4 40. Re3+ Kf4 41. Rf3+ 1-0

[Event "Live Chess"]
[Site "Chess.com"]
[Date "2010.12.06"]
[Round "-"]
[White "filyok"]
[Black "hipposcottimus"]
[Result "1-0"]
[CurrentPosition "8/1p6/p4R2/4kQ2/2P4r/1P1K4/P7/8 b - -"]
[Timezone "UTC"]
[ECO "B00"]
[ECOUrl "https://www.chess.com/openings/Nimzowitsch-Defense-Kennedy-Variation"]
[UTCDate "2010.12.06"]
[UTCTime "20:16:43"]
[WhiteElo "1914"]
[BlackElo "1593"]
[TimeControl "60"]
[Termination "filyok won by checkmate"]
[StartTime "20:16:43"]
[EndDate "2010.12.06"]
[EndTime "20:18:45"]
[Link "https://www.chess.com/game/live/74697458"]

1. e4 e5 2. d4 Nc6 3. Nf3 d6 4. dxe5 dxe5 5. Qxd8+ Kxd8 6. Bb5 Nge7 7. Bxc6 Nxc6 8. Be3 Bg4 9. Nc3 Bxf3 10. gxf3 Kd7 11. O-O-O+ Bd6 12. Nb5 Rad8 13. Nxd6 cxd6 14. f4 Kc7 15. fxe5 Nxe5 16. Bf4 Kb8 17. Bxe5 dxe5 18. Rxd8+ Rxd8 19. Rg1 g6 20. Rg5 h6 21. Rxe5 f5 22. exf5 gxf5 23. Rxf5 Rg8 24. Rf6 Rg2 25. h4 Rh2 26. Rxh6 Rxf2 27. Rh8+ Kc7 28. h5 Kb6 29. h6 Rh2 30. h7 a6 31. b3 Ka7 32. Kb2 Rh1 33. Kc3 Rh4 34. Kb2 Kb6 35. c4 Kc7 36. Kc3 Kd6 37. Kd3 Ke6 38. Re8+ Kf6 39. h8=Q+ Kf7 40. Qg8+ Kf6 41. Re6+ Kf5 42. Qg6+ Kf4 43. Rf6+ Ke5 44. Qf5# 1-0

[Event "Live Chess"]
[Site "Chess.com"]
[Date "2010.12.06"]
[Round "-"]
[White "the_klaus"]
[Black "hipposcottimus"]
[Result "0-1"]
[CurrentPosition "2r5/5kpp/8/2P2p2/3B4/1P6/P1K2PPb/3R4 w - -"]
[Timezone "UTC"]
[ECO "C46"]
[ECOUrl "https://www.chess.com/openings/Three-Knights-Opening"]
[UTCDate "2010.12.06"]
[UTCTime "20:13:45"]
[WhiteElo "1494"]
[BlackElo "1595"]
[TimeControl "60"]
[Termination "hipposcottimus won on time"]
[StartTime "20:13:45"]
[EndDate "2010.12.06"]
[EndTime "20:15:29"]
[Link "https://www.chess.com/game/live/74696698"]

1. e4 e5 2. Nc3 Nc6 3. Nf3 Nf6 4. d4 d5 5. exd5 e4 6. dxc6 exf3 7. Qxf3 Bg4 8. Qe3+ Be7 9. cxb7 Rb8 10. d5 O-O 11. Ba6 Nxd5 12. Nxd5 Qxd5 13. Bd2 Qe6 14. Qxe6 Bxe6 15. O-O-O Bd5 16. c4 Bxb7 17. Bxb7 Rxb7 18. Ba5 Bf6 19. b3 Rfb8 20. Rd3 c5 21. Rd5 Bg5+ 22. Kc2 f6 23. Rhd1 Rf8 24. Rd8 Rb8 25. Rxf8+ Rxf8 26. Bc7 f5 27. Bd6 Re8 28. Bxc5 Kf7 29. Bxa7 Rc8 30. Bd4 Bf4 31. c5 Bxh2 0-1

[Event "Live Chess"]
[Site "Chess.com"]
[Date "2010.12.06"]
[Round "-"]
[White "cool1000"]
[Black "hipposcottimus"]
[Result "0-1"]
[CurrentPosition "3q4/p1p2kpp/4R3/7P/6PK/8/1r6/8 w - -"]
[Timezone "UTC"]
[ECO "C24"]
[ECOUrl "https://www.chess.com/openings/Bishops-Opening-Berlin-Defense"]
[UTCDate "2010.12.06"]
[UTCTime "20:11:00"]
[WhiteElo "1469"]
[BlackElo "1589"]
[TimeControl "60"]
[Termination "hipposcottimus won on time"]
[StartTime "20:11:00"]
[EndDate "2010.12.06"]
[EndTime "20:13:19"]
[Link "https://www.chess.com/game/live/74695852"]

1. e4 e5 2. Bc4 Nf6 3. Bxf7+ Kxf7 4. d3 Bc5 5. c3 Re8 6. Nf3 Kg8 7. Ng5 Be7 8. Qb3+ d5 9. exd5 Nxd5 10. c4 Bxg5 11. Bxg5 Qxg5 12. O-O Nf6 13. c5+ Be6 14. Qxb7 Bd5 15. Qxd5+ Nxd5 16. g3 Nc6 17. h4 Qg4 18. Nd2 Nf4 19. Nf3 Nh3+ 20. Kg2 Nd4 21. Nh2 Qg6 22. Kxh3 Qf5+ 23. Kg2 Qxd3 24. Kg1 Qe4 25. Rae1 Qc2 26. Ng4 Qxb2 27. Ne3 Qxa2 28. Nd5 Qxd5 29. c6 Nf3+ 30. Kg2 Nxe1+ 31. Kg1 e4 32. Rxe1 e3 33. fxe3 Rxe3 34. Rxe3 Rb8 35. Kh2 Rb2+ 36. Kh3 Qf5+ 37. g4 Qd5 38. h5 Qxc6 39. Kh4 Qd6 40. Re8+ Kf7 41. Re6 Qd8+ 0-1

[Event "Live Chess"]
[Site "Chess.com"]
[Date "2010.12.06"]
[Round "-"]
[White "hipposcottimus"]
[Black "cool1000"]
[Result "0-1"]
[CurrentPosition "rkb5/p6p/1pr5/2R5/4q3/8/P5PP/1R5K w - -"]
[Timezone "UTC"]
[ECO "C40"]
[ECOUrl "https://www.chess.com/openings/Kings-Pawn-Opening-Kings-Knight-Busch-Gass-Gambit"]
[UTCDate "2010.12.06"]
[UTCTime "20:08:23"]
[WhiteElo "1583"]
[BlackElo "1475"]
[TimeControl "60"]
[Termination "cool1000 won on time"]
[StartTime "20:08:23"]
[EndDate "2010.12.06"]
[EndTime "20:10:28"]
[Link "https://www.chess.com/game/live/74695149"]

1. e4 e5 2. Nf3 Bc5 3. Bc4 Bxf2+ 4. Kxf2 d6 5. Re1 c6 6. Kg1 Nf6 7. Bb3 Ng4 8. d3 Qb6+ 9. d4 exd4 10. Nxd4 c5 11. Rf1 cxd4 12. Bxf7+ Kd7 13. Qxg4+ Kc7 14. Qxg7 d3+ 15. Kh1 Rd8 16. Na3 Nd7 17. Bf4 dxc2 18. Nxc2 Qxb2 19. Ne3 Qxg7 20. Nd5+ Kb8 21. Be6 Nc5 22. Bxd6+ Rxd6 23. Rac1 b6 24. Rb1 Rxe6 25. Rfc1 Rc6 26. Ne7 Qxe7 27. Rxc5 Qxe4 0-1